TOP OF THE 1ST |
Barry's Bay Orioles batting - Pitching for Little Rock Lemmiwinks : RHP Jorge Amador
|
Pitching: RHP Jorge Amador
|
|
Batting: SHB Emílio Calvillo
|
0-0: Called Strike 0-1: Ball 1-1: SINGLE (Line Drive, 6D)
|
Batting: SHB Terry Christian
|
0-0: Ground out 5-3 (Groundball, 56S) Emílio Calvillo to second
|
Batting: RHB Jason Ward
|
0-0: Foul Ball, location: 2F 0-1: Ground out 6-3 (Groundball, 6)
|
Batting: LHB T.J. Richardson
|
0-0: Called Strike 0-1: SINGLE (Groundball, 34D) Emílio Calvillo to third Throwing error, E9 Emílio Calvillo scores T.J. Richardson to second
|
Batting: RHB Troy González
|
0-0: Ground out 1-3 (Groundball, P)
|
Top of the 1st over - 1 run(s), 2 hit(s), 1 error(s), 1 left on base; Barry's Bay 1 - Little Rock 0 |
BOTTOM OF THE 1ST |
Little Rock Lemmiwinks batting - Pitching for Barry's Bay Orioles : RHP Richard Manley
|
Pitching: RHP Richard Manley
|
|
Batting: RHB Juan Trujillo
|
0-0: Ball 1-0: Ball 2-0: Foul Ball, location: 2F 2-1: Ball 3-1: Swinging Strike 3-2: Foul Ball, location: 2F 3-2: DOUBLE (Line Drive, 9LS)
|
Batting: LHB Dave Raines
|
0-0: Ball 1-0: Ball 2-0: Ball 3-0: Called Strike 3-1: Base on Balls
|
Batting: LHB Elvin Summers
|
0-0: Ball 1-0: Swinging Strike 1-1: Foul Ball, location: 2F 1-2: Ball 2-2: Ball 3-2: Base on Balls Juan Trujillo to third Dave Raines to second
|
Batting: RHB Bill Bourland
|
0-0: Ball 1-0: Foul Ball, location: 2F 1-1: Called Strike 1-2: Ball 2-2: Foul Ball, location: 2F 2-2: Strikes out swinging
|
Batting: LHB Claudio Palácios
|
0-0: Called Strike 0-1: Foul Ball, location: 2F 0-2: Ball 1-2: Foul Ball, location: 2F 1-2: Fly out, F7 (Flyball, 7S)
|
Batting: SHB Juan Carlos González
|
0-0: Called Strike 0-1: Swinging Strike 0-2: Fly out, F9 (Line Drive, 89M)
|
Bottom of the 1st over - 0 run(s), 1 hit(s), 0 error(s), 3 left on base; Barry's Bay 1 - Little Rock 0 |
TOP OF THE 2ND |
Barry's Bay Orioles batting - Pitching for Little Rock Lemmiwinks : RHP Jorge Amador
|
Batting: LHB Ryan Rheaume
|
0-0: Fly out, F4 (Popup, 3D)
|
Batting: SHB Garrett Waller
|
0-0: Called Strike 0-1: Swinging Strike 0-2: Foul Ball, location: 2F 0-2: Ball 1-2: Ball 2-2: Ball 3-2: Strikes out swinging
|
Batting: RHB Jake Erickson
|
0-0: Ball 1-0: Ball 2-0: Swinging Strike 2-1: Foul Ball, location: 2F 2-2: Strikes out swinging
|
Top of the 2nd over - 0 run(s), 0 hit(s), 0 error(s), 0 left on base; Barry's Bay 1 - Little Rock 0 |
BOTTOM OF THE 2ND |
Little Rock Lemmiwinks batting - Pitching for Barry's Bay Orioles : RHP Richard Manley
|
Batting: RHB Jack Crossey
|
0-0: Called Strike 0-1: Foul Ball, location: 2F 0-2: Ball 1-2: Fly out, F6 (Popup, 6MD)
|
Batting: RHB Álex Martínez
|
0-0: Fly out, F9 (Flyball, 9)
|
Batting: RHB Álex Ochoa
|
0-0: Ball 1-0: Foul Ball, location: 2F 1-1: Swinging Strike 1-2: Strikes out looking
|
Bottom of the 2nd over - 0 run(s), 0 hit(s), 0 error(s), 0 left on base; Barry's Bay 1 - Little Rock 0 |
TOP OF THE 3RD |
Barry's Bay Orioles batting - Pitching for Little Rock Lemmiwinks : RHP Jorge Amador
|
Batting: RHB Bill Pike
|
0-0: Ground out 5-3 (Groundball, 56S)
|
Batting: SHB Emílio Calvillo
|
0-0: Foul Ball, location: 2F 0-1: Called Strike 0-2: Ball 1-2: Ball 2-2: Foul Ball, location: 2F 2-2: SINGLE (Groundball, 6D)
|
Batting: SHB Terry Christian
|
0-0: Foul Ball, location: 2F 0-1: Ball 1-1: Called Strike 1-2: Reached on error, E2 (Popup, 25) Emílio Calvillo to second
|
Batting: RHB Jason Ward
|
0-0: Ball 1-0: Foul Ball, location: 2F 1-1: Fly out, F4 (Line Drive, 4D)
|
Batting: LHB T.J. Richardson
|
0-0: Swinging Strike 0-1: Ball 1-1: Swinging Strike 1-2: Hit by Pitch Emílio Calvillo to third Terry Christian to second
|
Batting: RHB Troy González
|
0-0: Foul Ball, location: 2F 0-1: Ball 1-1: Ball 2-1: Foul Ball, location: 2F 2-2: Strikes out looking
|
Top of the 3rd over - 0 run(s), 1 hit(s), 1 error(s), 3 left on base; Barry's Bay 1 - Little Rock 0 |
BOTTOM OF THE 3RD |
Little Rock Lemmiwinks batting - Pitching for Barry's Bay Orioles : RHP Richard Manley
|
Batting: RHB Juan Trujillo
|
0-0: Called Strike 0-1: Ball 1-1: Swinging Strike 1-2: Ground out 6-3 (Groundball, 6M)
|
Batting: LHB Dave Raines
|
0-0: Foul Ball, location: 2F 0-1: Called Strike 0-2: Fly out, F7 (Flyball, 7)
|
Batting: LHB Elvin Summers
|
0-0: Ball 1-0: Ball 2-0: Foul Ball, location: 2F 2-1: SINGLE (Groundball, 6) (infield hit)
|
Batting: RHB Bill Bourland
|
0-0: Ball 1-0: Called Strike 1-1: Ball 2-1: Ball 3-1: Foul Ball, location: 2F 3-2: Base on Balls Elvin Summers to second
|
Batting: LHB Claudio Palácios
|
0-0: Ball 1-0: Swinging Strike 1-1: Foul Ball, location: 2F 1-2: Ball 2-2: DOUBLE (Line Drive, 9LM) Elvin Summers scores Bill Bourland to third Runner from 3rd tries for Home, SAFE, no throw
|
Batting: SHB Juan Carlos González
|
0-0: Called Strike 0-1: Ball 1-1: Called Strike 1-2: DOUBLE (Flyball, 7) Claudio Palácios scores
|
Batting: RHB Jack Crossey
|
0-0: Ball 1-0: Called Strike 1-1: Foul Ball, location: 2F 1-2: SINGLE (Groundball, 6D) Juan Carlos González to third Runner from 3rd tries for Home, SAFE, no throw
|
Batting: RHB Álex Martínez
|
0-0: Called Strike 0-1: SINGLE (Flyball, 9LS) Jack Crossey to second Runner from 2nd tries for 3rd, SAFE, throw made to third
|
Batting: RHB Álex Ochoa
|
Pickoff Throw to First - Out!
|
Bottom of the 3rd over - 4 run(s), 5 hit(s), 0 error(s), 0 left on base; Barry's Bay 1 - Little Rock 4 |
TOP OF THE 4TH |
Barry's Bay Orioles batting - Pitching for Little Rock Lemmiwinks : RHP Jorge Amador
|
Batting: LHB Ryan Rheaume
|
0-0: Reached on error, E4 (Groundball, 4)
|
Batting: SHB Garrett Waller
|
0-0: Ball Ryan Rheaume is caught stealing 2nd base 1-0: Ball 2-0: Ball 3-0: Called Strike 3-1: Base on Balls
|
Batting: RHB Jake Erickson
|
0-0: Ball 1-0: Swinging Strike 1-1: SINGLE (Line Drive, 8LS) Garrett Waller to second
|
Batting: RHB Bill Pike
|
0-0: Foul Ball, location: 2F 0-1: Grounds into double play, 6-4-3 (Groundball, 6)
|
Top of the 4th over - 0 run(s), 1 hit(s), 1 error(s), 1 left on base; Barry's Bay 1 - Little Rock 4 |
BOTTOM OF THE 4TH |
Little Rock Lemmiwinks batting - Pitching for Barry's Bay Orioles : RHP Richard Manley
|
Batting: RHB Álex Ochoa
|
0-0: Ball 1-0: Ball 2-0: Ball 3-0: Called Strike 3-1: Base on Balls
|
Batting: RHB Juan Trujillo
|
0-0: Ball 1-0: Foul Ball, location: 2F 1-1: Swinging Strike 1-2: Strikes out swinging
|
Batting: LHB Dave Raines
|
0-0: Ball 1-0: Ball 2-0: Swinging Strike 2-1: Called Strike 2-2: Foul Ball, location: 2F 2-2: Ball 3-2: Fly out, F8 (Flyball, 8LM)
|
Pitching: RHP Aaron Williams
|
|
Batting: LHB Elvin Summers
|
0-0: Ball 1-0: Ball 2-0: Ground out 5-3 (Groundball, 56)
|
Bottom of the 4th over - 0 run(s), 0 hit(s), 0 error(s), 1 left on base; Barry's Bay 1 - Little Rock 4 |
TOP OF THE 5TH |
Barry's Bay Orioles batting - Pitching for Little Rock Lemmiwinks : RHP Jorge Amador
|
Batting: SHB Emílio Calvillo
|
0-0: Swinging Strike 0-1: Called Strike 0-2: SINGLE (Groundball, 6MD)
|
Batting: SHB Terry Christian
|
0-0: Ball Emílio Calvillo steals 2nd base 1-0: Ball 2-0: Ball 3-0: Called Strike 3-1: Base on Balls
|
Batting: RHB Jason Ward
|
0-0: Ball 1-0: Foul Ball, location: 2F 1-1: Grounds into double play, 5-4-3 (Groundball, 56) Emílio Calvillo to third
|
Batting: LHB T.J. Richardson
|
0-0: SINGLE (Line Drive, 4M) Emílio Calvillo scores
|
Batting: RHB Troy González
|
0-0: Ball 1-0: Ball 2-0: Foul Ball, location: 2F 2-1: Ball T.J. Richardson is caught stealing 2nd base
|
Top of the 5th over - 1 run(s), 2 hit(s), 0 error(s), 0 left on base; Barry's Bay 2 - Little Rock 4 |
BOTTOM OF THE 5TH |
Little Rock Lemmiwinks batting - Pitching for Barry's Bay Orioles : RHP Aaron Williams
|
Batting: RHB Bill Bourland
|
0-0: Foul Ball, location: 2F 0-1: Ball 1-1: Called Strike 1-2: Fly out, F8 (Flyball, 8LM)
|
Batting: LHB Claudio Palácios
|
0-0: Called Strike 0-1: Ball 1-1: Foul Ball, location: 2F 1-2: Ball 2-2: SINGLE (Popup, 56D)
|
Batting: SHB Juan Carlos González
|
0-0: Ball 1-0: Foul Ball, location: 2F 1-1: Ball 2-1: Ball 3-1: Base on Balls Claudio Palácios to second
|
Batting: RHB Jack Crossey
|
0-0: Called Strike 0-1: Called Strike 0-2: Ball 1-2: Ball 2-2: Strikes out looking
|
Batting: RHB Álex Martínez
|
0-0: Ball 1-0: Ball 2-0: Called Strike 2-1: Ball 3-1: Foul Ball, location: 2F 3-2: Strikes out swinging
|
Bottom of the 5th over - 0 run(s), 1 hit(s), 0 error(s), 2 left on base; Barry's Bay 2 - Little Rock 4 |
TOP OF THE 6TH |
Barry's Bay Orioles batting - Pitching for Little Rock Lemmiwinks : RHP Jorge Amador
|
Batting: RHB Troy González
|
0-0: Ball 1-0: Fly out, F9 (Flyball, 9)
|
Batting: LHB Ryan Rheaume
|
0-0: Foul Ball, location: 2F 0-1: Ball 1-1: Foul Ball, location: 2F 1-2: Strikes out swinging
|
Batting: SHB Garrett Waller
|
0-0: Swinging Strike 0-1: Ball 1-1: Ball 2-1: Foul Ball, location: 2F 2-2: Foul Ball, location: 2F 2-2: Strikes out swinging
|
Top of the 6th over - 0 run(s), 0 hit(s), 0 error(s), 0 left on base; Barry's Bay 2 - Little Rock 4 |
BOTTOM OF THE 6TH |
Little Rock Lemmiwinks batting - Pitching for Barry's Bay Orioles : RHP Aaron Williams
|
Batting: RHB Álex Ochoa
|
0-0: Ground out 6-3 (Groundball, 6)
|
Batting: RHB Juan Trujillo
|
0-0: Called Strike 0-1: Swinging Strike 0-2: Ball 1-2: Hit by Pitch
|
Batting: LHB Dave Raines
|
0-0: Ball 1-0: Called Strike 1-1: Ball 2-1: Ground out 4-3 (Groundball, 34) Juan Trujillo to second
|
Batting: LHB Elvin Summers
|
0-0: Ball 1-0: Ball 2-0: Called Strike 2-1: Ball 3-1: Called Strike 3-2: Base on Balls
|
Batting: RHB Bill Bourland
|
0-0: Fly out, F7 (Flyball, 7)
|
Bottom of the 6th over - 0 run(s), 0 hit(s), 0 error(s), 2 left on base; Barry's Bay 2 - Little Rock 4 |
TOP OF THE 7TH |
Barry's Bay Orioles batting - Pitching for Little Rock Lemmiwinks : RHP Jorge Amador
|
Batting: RHB Jake Erickson
|
0-0: Ball 1-0: Foul Ball, location: 2F 1-1: Foul Ball, location: 2F 1-2: Ground out 6-3 (Groundball, 6MD)
|
Pitching: RHP Ignacio Medina
|
|
Batting: RHB Bill Pike
|
0-0: Swinging Strike 0-1: Ball 1-1: Ball 2-1: Called Strike 2-2: Ball 3-2: Foul Ball, location: 2F 3-2: Strikes out swinging
|
Batting: SHB Emílio Calvillo
|
0-0: Ball 1-0: Called Strike 1-1: Foul Ball, location: 2F 1-2: Ball 2-2: Foul Ball, location: 2F 2-2: Ball 3-2: Strikes out looking
|
Top of the 7th over - 0 run(s), 0 hit(s), 0 error(s), 0 left on base; Barry's Bay 2 - Little Rock 4 |
BOTTOM OF THE 7TH |
Little Rock Lemmiwinks batting - Pitching for Barry's Bay Orioles : RHP Aaron Williams
|
Batting: LHB Claudio Palácios
|
0-0: Called Strike 0-1: Ball 1-1: Ball 2-1: Foul Ball, location: 2F 2-2: Ball 3-2: Strikes out swinging
|
Batting: SHB Juan Carlos González
|
0-0: SINGLE (Flyball, 7S)
|
Batting: RHB Jack Crossey
|
0-0: Ball Wild Pitch! Juan Carlos González to second 1-0: Foul Ball, location: 2F 1-1: Called Strike 1-2: Strikes out swinging
|
Batting: RHB Álex Martínez
|
0-0: Called Strike 0-1: Hit by Pitch
|
Pinch Hitting: SHB Jorge Rodríguez
|
0-0: Fielders Choice at 2nd, 4-6 (Groundball, 4)
|
Bottom of the 7th over - 0 run(s), 1 hit(s), 0 error(s), 1 left on base; Barry's Bay 2 - Little Rock 4 |
TOP OF THE 8TH |
Barry's Bay Orioles batting - Pitching for Little Rock Lemmiwinks : RHP Ignacio Medina
|
Now in LF: Francisco Gonzáles
|
|
Batting: SHB Terry Christian
|
0-0: Ball 1-0: Called Strike 1-1: Foul Ball, location: 2F 1-2: Strikes out looking
|
Batting: RHB Jason Ward
|
0-0: Called Strike 0-1: DOUBLE (Line Drive, 78D)
|
Pitching: LHP Alberto Galindo
|
|
Batting: LHB T.J. Richardson
|
0-0: Called Strike 0-1: Ball 1-1: Swinging Strike 1-2: Strikes out looking
|
Pitching: RHP Charles Palmeiro
|
|
Batting: RHB Troy González
|
0-0: Ball 1-0: Ball 2-0: Ground out 6-3 (Groundball, 6)
|
Top of the 8th over - 0 run(s), 1 hit(s), 0 error(s), 1 left on base; Barry's Bay 2 - Little Rock 4 |
BOTTOM OF THE 8TH |
Little Rock Lemmiwinks batting - Pitching for Barry's Bay Orioles : RHP Aaron Williams
|
Batting: RHB Juan Trujillo
|
0-0: Called Strike 0-1: Hit by Pitch
|
Pitching: LHP Roberto Galaz
|
|
Batting: LHB Dave Raines
|
0-0: Ball 1-0: Ball 2-0: Foul Ball, location: 2F 2-1: Grounds into double play, 4-6-3 (Groundball, 4)
|
Pitching: LHP Bernardo Valero
|
|
Batting: LHB Elvin Summers
|
0-0: Foul Ball, location: 2F 0-1: Ball 1-1: Ball 2-1: Called Strike 2-2: Foul Ball, location: 2F 2-2: Ball 3-2: Base on Balls
|
Batting: RHB Bill Bourland
|
0-0: Ball 1-0: Called Strike 1-1: Ground out 4-3 (Groundball, 34)
|
Bottom of the 8th over - 0 run(s), 0 hit(s), 0 error(s), 1 left on base; Barry's Bay 2 - Little Rock 4 |
TOP OF THE 9TH |
Barry's Bay Orioles batting - Pitching for Little Rock Lemmiwinks : RHP Charles Palmeiro
|
Pitching: RHP Albert Castro
|
|
Now at 1B: Darrel Lang
|
|
Batting: LHB Ryan Rheaume
|
0-0: Called Strike 0-1: Ball 1-1: Called Strike 1-2: Fly out, F7 (Flyball, 7S)
|
Batting: SHB Garrett Waller
|
0-0: Foul Ball, location: 2F 0-1: Ball 1-1: Ball 2-1: Foul Ball, location: 2F 2-2: Strikes out looking
|
Batting: RHB Jake Erickson
|
0-0: Swinging Strike 0-1: Ball 1-1: Swinging Strike 1-2: Ball 2-2: Fly out, F9 (Flyball, 89S)
|
Top of the 9th over - 0 run(s), 0 hit(s), 0 error(s), 0 left on base; Barry's Bay 2 - Little Rock 4 |
|